 Dungeon Sprint DCSS version bcrawl-1.28.4 (webtiles) character file.

Game seed: 6067070755741487490

1225270 Cadaver the Executioner (level 11, -8/127 HPs)
             Began as a Minotaur Berserker on Jan 6, 2021.
             Was an Elder of Trog.
             Mangled by a deep troll (12 damage)
             ... in the Dungeon (Sprint II: "The Violet Keep of Menkaure").
             The game lasted 00:15:24 (2704 turns).

Cadaver the Executioner (Minotaur Berserker)        Turns: 2704, Time: 00:15:24

Health: -8/127     AC: 13    Str: 23    XL:     11   Next: 67%
Magic:  10/10      EV:  9    Int:  5    God:    Trog [****..]
Gold:   546        SH:  0    Dex: 11    Spells: 10/10 levels left

rFire    + + +     SeeInvis +   G - +2 executioner's axe of Tugy {venom, +Inv rF++ rN+ SInv}
rCold    . . .     Gourm    .   (shield currently unavailable)
rNeg     + . .     Faith    .   D - +0 chain mail
rPois    +         Spirit   .   (helmet restricted)
rElec    .         Reflect  .   j - +0 cloak {+Inv}
rCorr    .         Harm     .   (no gloves)
MR       .....     NoTele   +   (no boots)
Stlth    ..........             (no amulet)
HPRegen  0.31/turn              k - ring "Yzosutau" {rPois rF+}
MPRegen  0.12/turn              (no ring)

@: very slow
A: retaliatory headbutt, horns 2
a: Berserk, Trog's Hand, Brothers in Arms, Renounce Religion, Evoke Invisibility


You were in the Dungeon.
You worshipped Trog.
Trog was greatly pleased with you.
You were not hungry.

You visited 1 branch You collected 1404 gold pieces.
You spent 858 gold pieces at shops.

Inventory:

Hand Weapons
 a - a +0 hand axe
 h - the +4 battleaxe of Evolution {vamp, rElec rPois MR++ Dex-4}
   (Trog gifted it to you in the Dungeon)

   It inflicts no extra harm, but heals its wielder when it wounds a living foe.
   It affects your dexterity (-4).
   It insulates you from electricity.
   It protects you from poison.
   It affects your resistance to hostile enchantments.
 m - a +3 battleaxe of flaming
 n - a +7 broad axe of draining
 o - a +3 longbow of flaming
 p - a +3 arbalest
 G - the +2 executioner's axe of Tugy (weapon) {venom, +Inv rF++ rN+ SInv}
   (Trog gifted it to you in the Dungeon)

   It poisons the flesh of those it strikes.
   It greatly protects you from fire.
   It protects you from negative energy.
   It lets you see invisible.
   It lets you turn invisible.
Missiles
 t - 72 poisoned tomahawks (quivered)
 F - 432 stones
Armour
 b - a +0 animal skin
 j - a +0 cloak of invisibility (worn)
 D - a +0 chain mail (worn)
Jewellery
 k - the ring "Yzosutau" (left hand) {rPois rF+}
   (You bought it in a shop in the Dungeon)

   [ring of poison resistance]

   It protects you from fire.
   It protects you from poison.
Scrolls
 i - 3 scrolls of blinking
 v - a scroll of enchant armour {unknown}
 w - a scroll of magic mapping {unknown}
 y - 3 scrolls of enchant weapon {unknown}
 z - a scroll of remove curse {unknown}
 E - a scroll of fear {unknown}
Potions
 c - 5 potions of heal wounds
 d - 3 potions of curing
 f - a potion of haste
 g - 5 potions of magic
 l - 2 potions of mutation
 q - a potion of agility {unknown}
 r - a potion of berserk rage
 s - 2 potions of invisibility {unknown}
 u - 7 potions of flight
 A - 2 potions of lignification {unknown}
 B - 3 potions of resistance {unknown}
 C - a potion of brilliance {unknown}
Comestibles
 e - 3 rations {!d}
 x - 6 chunks of flesh


   Skills:
 + Level 21.1 Fighting
 + Level 21.8 Axes
 + Level 11.5 Armour
 - Level 2.1 Dodging
 - Level 2.0 Stealth


You had 10 spell levels left.
You didn't know any spells.
Your spell library was empty.

Dungeon Overview and Level Annotations

Branches:
Dungeon (1/1)

Altars:
Cheibriados
Dithmenos
Elyvilon
Fedhas
Gozag
Hepliaklqana
Kikubaaqudgha
Lugonu
Makhleb
Nemelex Xobeh
Okawaru
Qazlal
Ru
Sif Muna
Trog
Uskayaw
Vehumet
Wu Jian
Xom
Yredelemnul
Zin
The Shining One
Beogh
Jiyva

Shops:
D !?:(!([=[!=:}%!?

Annotations:
D exclusions: obsidian statue and oklob plant


Innate Abilities, Weirdness & Mutations

You reflexively headbutt those who attack you in melee.
You have a pair of horns on your head.


Message History

You carve the deep troll like a ham!!!
The deep troll is poisoned.
You headbutt the deep troll, but do no damage.
The deep troll is heavily wounded.
Something bites your black bear!!
Your black bear dies!
Your black bear's corpse disappears in a puff of smoke!
The deep troll bites you! The deep troll claws you. The deep troll claws you!
You fail to use your ability.
You enter the shallow water.
Moving in this stuff is going to be slow.
The deep troll bites you!!
* * * LOW HITPOINT WARNING * * *
The deep troll claws you!
* * * LOW HITPOINT WARNING * * *
The deep troll claws you!
* * * LOW HITPOINT WARNING * * *
The deep troll bites you!
* * * LOW HITPOINT WARNING * * *
The deep troll closely misses you. The deep troll claws you!
You die...

###.#..#}[▓...(...[▓▓
..'.##.#:}▓....[)..▓▓
..#...####▓..([...)▓▓
####..##.#▓.()..)..▓▓
#..'..#..#▓()).)(..▓▓
#.[#..#..#▓.....)..▓▓
####..##.#▓..[...(.▓▓
..###...##▓▓▓▓▓▓▓T▓▓▓▓+▓
.§..≈≈≈≈≈≈≈≈≈≈≈≈@...≈≈≈▓
.§§.≈#(########T###.≈≈≈▓
≈≈§.≈#÷_._._..#§§§##≈≈≈▓
≈≈≈.≈#.._._._.#§§§§####▓▓
≈§§≈≈#._._._._#≈§≈≈§##$$#
≈≈≈≈≈#_._._._.#≈§§§≈§#$.#
≈≈≈≈§#._._._..#§§§≈§≈'$$+
###≈≈#_._._...#§≈≈§≈≈#$.#
# #≈§#._._....#≈≈≈≈≈≈▓ #


You could see 2 deep trolls.

Vanquished Creatures
  A kraken (D)
  Kirke (D)
  A crystal guardian (D)
  A yaktaur captain (D)
  An ice dragon (D)
  2 death drakes (D)
  A skeletal warrior (D)
  A merfolk siren (D)
  3 shining eyes (D)
  An elephant (D)
  A kobold demonologist (D)
  A yaktaur (D)
  2 tyrant leeches (D)
  2 polar bears (D)
  A hornet (D)
  A blink frog (D)
  2 hippogriffs (D)
  12 flying skulls (D)
  4 neqoxecs (D)
  Menkaure (D)
  3 crocodiles (D)
  2 swamp drakes (D)
  3 lava snakes (D)
  3 tentacles (D)
51 creatures vanquished.

Vanquished Creatures (collateral kills)
  A polar bear (D)
  A tentacle (D)
2 creatures vanquished.

Vanquished Creatures (others)
  A centaur warrior (D)
  3 manticores (D)
  A crocodile (D)
  12 tentacles (D)
17 creatures vanquished.

Grand Total: 70 creatures vanquished

Notes
Turn   | Place    | Note
-------+----------+-------------------------------------------
     0 | D        | Cadaver the Minotaur Berserker began the quest for the Orb.
     0 | D        | Reached XP level 1. HP: 19/19 MP: 0/0
     1 | D        | Noticed a tyrant leech
     1 | D        | Noticed a tyrant leech
     4 | D        | Noticed a merfolk siren
    13 | D        | Killed a merfolk siren
    14 | D        | Reached XP level 2. HP: 6/40 MP: 1/1
    14 | D        | Reached XP level 3. HP: 7/47 MP: 2/2
    14 | D        | Reached XP level 4. HP: 8/55 MP: 3/3
    14 | D        | Reached XP level 5. HP: 9/61 MP: 4/4
    14 | D        | Reached XP level 6. HP: 10/68 MP: 5/5
    25 | D        | Killed a crocodile
   157 | D        | Noticed a hippogriff
   157 | D        | Noticed a hippogriff
   162 | D        | Killed a hippogriff
   162 | D        | Reached ** piety under Trog
   163 | D        | Reached XP level 7. HP: 63/77 MP: 6/6
   167 | D        | Killed a hippogriff
   278 | D        | Noticed a neqoxec
   278 | D        | Noticed a neqoxec
   278 | D        | Noticed a neqoxec
   278 | D        | Noticed a neqoxec
   285 | D        | Killed a neqoxec
   290 | D        | Killed a neqoxec
   290 | D        | Reached *** piety under Trog
   291 | D        | Reached skill level 1 in Stealth
   306 | D        | Killed a neqoxec
   307 | D        | Reached XP level 8. HP: 88/88 MP: 7/7
   360 | D        | Killed a tyrant leech
   368 | D        | Killed a tyrant leech
   368 | D        | Reached **** piety under Trog
   442 | D        | Found Ilaivoz's Distillery.
   442 | D        | Found Sabicodu's Gadget Shop.
   442 | D        | Found Noilyaxy's Distillery.
   442 | D        | Found Iwiothryu's Jewellery Boutique.
   442 | D        | Found Dedeor's Antique Armour Shop.
   443 | D        | Found Wepsux's Magic Scroll Shop.
   443 | D        | Found Dyddevvi's Book Shop.
   443 | D        | Found Bysetady's Jewellery Shop.
   444 | D        | Found Pafe's Antique Armour Shop.
   444 | D        | Found Zoedduof's Antique Weapon Boutique.
   445 | D        | Found Rimohas's Food Boutique.
   446 | D        | Found Uzipej's Distillery.
   446 | D        | Found Luog Zomp's Antique Weapon Boutique.
   446 | D        | Noticed Menkaure
   446 | D        | Noticed an oklob plant
   447 | D        | Found Xeifon's Magic Scroll Shop.
   447 | D        | Found Pycoig's Distillery.
   447 | D        | Found Kosok Fun's Book Shoppe.
   452 | D        | Noticed a slime creature
   460 | D        | Bought a glowing cloak for 157 gold pieces
   474 | D        | Killed Menkaure
   475 | D        | Reached skill level 15 in Fighting
   475 | D        | Reached skill level 15 in Axes
   482 | D        | Noticed a slime creature
   488 | D        | Bought the ring "Yzosutau" {rPois rF+} for 476 gold pieces
   502 | D        | Bought a potion of heal wounds for 70 gold pieces
   502 | D        | Bought a potion of curing for 35 gold pieces
   515 | D        | Noticed a blink frog
   526 | D        | Killed a blink frog
   630 | D        | Noticed an obsidian statue
   654 | D        | Noticed a flying skull
   656 | D        | Noticed a flying skull
   657 | D        | Noticed a flying skull
   658 | D        | Noticed a flying skull
   658 | D        | Noticed a flying skull
   658 | D        | Noticed a flying skull
   658 | D        | Noticed a flying skull
   660 | D        | Noticed a flying skull
   660 | D        | Noticed a flying skull
   660 | D        | Noticed a flying skull
   660 | D        | Noticed a flying skull
   661 | D        | Noticed a flying skull
   662 | D        | Noticed Kirke
   662 | D        | Noticed a kobold demonologist
   662 | D        | Noticed a skeletal warrior
   790 | D        | Killed a kobold demonologist
   790 | D        | Reached ***** piety under Trog
   790 | D        | Received a gift from Trog
   791 | D        | Reached XP level 9. HP: 93/100 MP: 8/8
   791 | D        | Got a fading battleaxe {god gift}
   795 | D        | Identified the +4 battleaxe of Evolution {vamp, rElec rPois
                  | MR++ Dex-4} (Trog gifted it to you in the Dungeon)
   802 | D        | Noticed a yaktaur captain
   812 | D        | Killed a yaktaur captain
  1001 | D        | Found a glowing silver altar of Zin.
  1001 | D        | Noticed a manticore
  1009 | D        | Killed a manticore
  1012 | D        | Killed a manticore
  1142 | D        | Killed a skeletal warrior
  1143 | D        | Noticed an elephant
  1166 | D        | Killed a centaur warrior
  1202 | D        | Killed an elephant
  1203 | D        | Reached XP level 10. HP: 104/111 MP: 9/9
  1231 | D        | Reached skill level 10 in Armour
  1361 | D        | Received a gift from Trog
  1418 | D        | Killed a manticore
  1445 | D        | Killed Kirke
  1512 | D        | Bought a ration for 60 gold pieces
  1512 | D        | Bought a ration for 60 gold pieces
  1577 | D        | Found a glowing golden altar of the Shining One.
  1577 | D        | Found a basalt altar of Yredelemnul.
  1577 | D        | Found a hide-covered altar of Uskayaw.
  1577 | D        | Found a radiant altar of Vehumet.
  1578 | D        | Found a shimmering altar of Xom.
  1578 | D        | Found a bloodstained altar of Trog.
  1578 | D        | Found a burning altar of Makhleb.
  1579 | D        | Found an ornate altar of the Wu Jian Council.
  1579 | D        | Found a shimmering blue altar of Sif Muna.
  1579 | D        | Found a corrupted altar of Lugonu.
  1580 | D        | Found a sacrificial altar of Ru.
  1580 | D        | Found an ancient bone altar of Kikubaaqudgha.
  1580 | D        | Found a white marble altar of Elyvilon.
  1580 | D        | Found a sparkling altar of Nemelex Xobeh.
  1580 | D        | Found a blossoming altar of Fedhas.
  1582 | D        | Found an iron altar of Okawaru.
  1582 | D        | Found an opulent altar of Gozag.
  1584 | D        | Found a stormy altar of Qazlal.
  1584 | D        | Found a viscous altar of Jiyva.
  1584 | D        | Found a shadowy altar of Dithmenos.
  1585 | D        | Found a hazy altar of Hepliaklqana.
  1585 | D        | Found a snail-covered altar of Cheibriados.
  1587 | D        | Found a roughly hewn altar of Beogh.
  1645 | D        | Received a gift from Trog
  1703 | D        | Noticed a kraken
  1953 | D        | Noticed a death drake
  1992 | D        | Noticed a death drake
  2003 | D        | Killed a death drake
  2004 | D        | Reached XP level 11. HP: 121/121 MP: 10/10
  2010 | D        | Killed a death drake
  2161 | D        | Noticed a crystal guardian
  2176 | D        | Killed a crystal guardian
  2176 | D        | Received a gift from Trog
  2230 | D        | Noticed an ice dragon
  2238 | D        | Killed an ice dragon
  2323 | D        | Noticed a shining eye
  2323 | D        | Noticed a shining eye
  2324 | D        | Noticed a shining eye
  2327 | D        | Killed a shining eye
  2329 | D        | Killed a shining eye
  2332 | D        | Killed a shining eye
  2370 | D        | Noticed a deep elf master archer
  2497 | D        | Killed a kraken
  2497 | D        | Received a gift from Trog
  2498 | D        | Got a steaming executioner's axe {god gift}
  2502 | D        | Identified the +2 executioner's axe of Tugy {venom, +Inv
                  | rF++ rN+ SInv} (Trog gifted it to you in the Dungeon)
  2665 | D        | Noticed a sixfirhy
  2691 | D        | Noticed a deep troll
  2691 | D        | Noticed a deep troll
  2704 | D        | HP: 4/127 [deep troll (10)]
  2704 | D        | Mangled by a deep troll

Skill      XL: |  1  2  3  4  5  6  7  8  9 10 11 |
---------------+----------------------------------+-----
Fighting       | 11 12 13 15 17 19 21 | 21.1
Axes           | 11 12 13 15 18 20 21 | 21.8
Armour         | 6 8 9 10 11 | 11.5
Stealth        | 1 2 |  2.0
Dodging        | |  2.1

Action                   |  1- 3 |  4- 6 |  7- 9 | 10-12 || total
-------------------------+-------+-------+-------+-------++-------
Melee: Hand axe          |     7 |     4 |    63 |       ||    74
       Headbutt          |     2 |     1 |    18 |    24 ||    45
       Battleaxe         |       |       |    38 |   111 ||   149
       Executioner's axe |       |       |       |     8 ||     8
Invok: Berserk           |       |     1 |     4 |     4 ||     9
       Brothers in Arms  |       |       |     1 |     3 ||     4
       Trog's Hand       |       |       |     1 |     2 ||     3
  Use: Potion            |     1 |       |     1 |     1 ||     3
       Scroll            |       |       |       |     2 ||     2
 Stab: Distracted        |       |       |       |     1 ||     1
  Eat: Chunk             |       |       |     6 |     9 ||    15
       Ration            |       |       |     1 |     1 ||     2
Armor: Animal skin       |       |       |     8 |     7 ||    15
       Chain mail        |       |       |       |    21 ||    21
Dodge: Dodged            |     2 |     4 |    26 |    48 ||    80
